 Dungeon Crawl Stone Soup version 0.31.0-32-g396128a36d (webtiles) character file.

Game seed: 16778924312993445218

4669 pittasak the Covert (level 10, -10/56 HPs)
             Began as an Octopode Earth Elementalist on Mar 26, 2024.
             Was an Initiate of Gozag.
             Mangled by a centaur warrior (14 damage)
             ... on level 8 of the Dungeon on Apr 14, 2024.
             The game lasted 01:48:47 (6304 turns).

pittasak the Covert (Octopode Earth Elementalist)   Turns: 6304, Time: 01:48:50

Health: -10/56     AC:  5    Str:  8    XL:     10   Next: 44%
Magic:  14/19      EV: 21    Int: 21    God:    Gozag
Gold:   326        SH:  0    Dex: 13    Spells: 5/21 levels left

rFire   . . .        A - +5 great sword (freeze)
rCold   + . .        (shield currently unavailable)
rNeg    + . .        (helmet restricted)
rPois   .            (no amulet)
rElec   .            i - +5 ring of evasion
rCorr   .            o - ring of protection from cold
SInv    +            j - +4 ring of protection
Will    .....        z - ring of positive energy
Stlth   +++++        (no ring)
HPRegen 0.29/turn    (no ring)
MPRegen 0.16/turn    (no ring)
                     (no ring)

%: no passive effects
@: no status effects
A: almost no armour, amphibious, 8 rings, camouflage 1, gelatinous body 1,
(nimble swimmer 1), tentacles, see invisible, noise suppression
a: Renounce Religion, Potion Petition, Call Merchant, Bribe Branch


You were on level 8 of the Dungeon.
You worshipped Gozag.
Gozag was aware of your devotion.
You visited 1 branch of the dungeon, and saw 8 of its levels.

You collected 1867 gold pieces.
You spent 636 gold pieces at shops.
You paid 905 gold pieces to Gozag.

Inventory:

Hand Weapons
 a - the +5 falchion "Atsoukh" {freeze, SInv}
   (You found it on level 7 of the Dungeon)

   SInv:      It lets you see invisible.
 c - a +0 dagger
 e - a +2 short sword of speed
 g - a +3 dagger of electrocution
 p - a +0 spear
 q - the +6 sling of Infinity {heavy, rF+ rCorr}
   (You found it on level 5 of the Dungeon)

   rF+:       It protects you from fire.
   rCorr:     It protects you from acid and corrosion.
 r - a +0 falchion
 s - a +0 rapier
 u - a +2 triple sword of holy wrath
 w - a +0 orcbow
 y - a +0 glaive
 A - a +5 great sword of freezing (weapon)
Jewellery
 i - a +5 ring of evasion (left tentacle)
 j - a +4 ring of protection (on tentacle)
 o - a ring of protection from cold (right tentacle)
 z - a ring of positive energy (on tentacle)
Talismans
 v - a flux talisman
 C - a granite talisman
 F - a serpent talisman
Wands
 D - a wand of flame (5)
Scrolls
 l - a scroll of amnesia
 n - 3 scrolls of teleportation
 x - a scroll of noise
 B - a scroll of silence
 E - a scroll of fear
Potions
 f - 2 potions of lignification
 h - a potion of cancellation
 m - 2 potions of brilliance
 t - a potion of might


   Skills:
 + Level 7.0 Dodging
 + Level 10.0 Stealth
 + Level 6.4 Spellcasting
 + Level 6.7 Conjurations
 + Level 7.3 Earth Magic


You had 5 spell levels left.
You knew the following spells:

 Your Spells              Type           Power      Damage    Failure   Level
a - Sandblast             Erth           74%        2d16      1%          1
b - Passwall              Erth           37%        N/A       1%          3
c - Petrify               Alch/Erth      22%        N/A       21%         4
d - Lehudib's Crystal Sp  Conj/Erth      18%        10d5      100%        8

Your spell library contained the following spells:

 Spells                   Type           Power      Damage    Failure   Level
 Stone Arrow              Conj/Erth      72%        3d11      1%          3
 Sting                    Conj/Alch      80%        1d8       2%          1
 Brom's Barrelling Bould  Conj/Erth      36%        2d6       5%          4
 Apportation              Tloc           12%        N/A       10%         1
 Necrotise                Necr           24%        1d5       10%         1
 Slow                     Hex            24%        N/A       10%         1
 Summon Small Mammal      Summ           24%        N/A       10%         1
 Confusing Touch          Hex            6%         N/A       28%         3
 Sigil of Binding         Hex            6%         N/A       28%         3
 Vampiric Draining        Necr           6%         2d6       28%         3
 Summon Forest            Summ/Tloc      3%         N/A       95%         5
 Eringya's Noxious Bog    Alch           3%         4d6       100%        6
 Summon Hydra             Summ           3%         N/A       100%        7
 Animate Armour           Summ/Erth      Unusable   N/A       N/A         4

Dungeon Overview and Level Annotations

Branches:
Dungeon (8/15)             Temple (0/1) D:5
   Lair: D:8-11

Altars:
Gozag
Nemelex Xobeh
Okawaru
Trog
Vehumet
Yredelemnul
Zin

Shops:
D:4 !   D:6 *?(   D:7 :


Innate Abilities, Weirdness & Mutations

You cannot wear most types of armour.
You are amphibious.
You can wear up to eight rings at the same time.
Your skin changes colour to match your surroundings (Stealth+).
Your rubbery body absorbs attacks. (AC +1, EV +1)
((You are camouflaged when in or above water. (Stealth+)))
You have tentacles for arms and can constrict up to eight enemies at once.
You have supernaturally acute eyesight. (SInv)
You passively dampen the noise of your surroundings.


Message History

You barely miss the centaur warrior. You squeeze the centaur warrior!
The centaur warrior is almost dead.
The centaur warrior completely misses you. x3
The centaur warrior kicks you but does no damage.
The centaur warrior misses you.
The centaur warrior kicks you but does no damage.
You barely miss the centaur warrior.
The centaur warrior is almost dead.
The centaur warrior hits you!
* * * LOW HITPOINT WARNING * * *
The centaur warrior kicks you but does no damage.
The centaur warrior hits you.
* * * LOW HITPOINT WARNING * * *
The centaur warrior misses you.
You hit the centaur warrior. You freeze the centaur warrior.
The centaur warrior is almost dead.
The centaur warrior hits you.
* * * LOW HITPOINT WARNING * * *
The centaur warrior kicks you.
* * * LOW HITPOINT WARNING * * *
The centaur warrior hits you.
* * * LOW HITPOINT WARNING * * *
The centaur warrior misses you.
The centaur warrior completely misses you. x2
Aiming: Corrosive Bolt
Press: ? - help, Shift-Dir - straight line, f/p - centaur warrior
Aim: a centaur warrior (almost dead, 79% to hit)
The bolt of acid hits the centaur warrior.
The centaur warrior is almost dead.
The now-empty wand crumbles to dust.
The centaur warrior hits you.
* * * LOW HITPOINT WARNING * * *
The centaur warrior closely misses you.
Aiming: Sandblast (safe; 1% risk of failure)
Press: ? - help, Q - select action, (/) - cycle Shift-Dir - straight line, f/p - centaur warrior
Aim: a centaur warrior (almost dead, 88% to hit)
The blast of sand misses the centaur warrior.
The centaur warrior barely misses you. The centaur warrior closely misses you.
The centaur warrior hits you!
You die...
Your body crumbles into a pile of gold.

#.# #.###.##.##.###.....
#.# #..###.#.#.###.[....
#.# #...####.####...#.##
#.# #.......8.......#+##
#.# #...####.####.......
#.# #..###.#.#)###......
#.# #.###.##.##.###.....
#(# #...c###.###........
#.####.@.##...##...#....
#.##.....#.....#..##....
#.##.......#......##....
#.##........<...+##.....
#.##...........#..'<....
#.##...........####.....
#.##..(.................
#.##..........########..
#.##..........# #..


You could see a centaur warrior.

Vanquished Creatures
  A centaur warrior (D:8)
  A cyclops (D:8)
  The ghost of VAZYLA the Slasher, a novice BaMo of Fedhas (D:5)
  Maggie (D:6)
  Eustachio (D:5)
  A vampire mosquito (D:8)
  A steam dragon (D:6)
  2 water moccasins
  2 ice beasts
  3 sky beasts
  An orc warrior (D:8)
  2 black bears
  2 centaurs
  A phantom (D:5)
  A kobold brigand (D:7)
  3 bullfrogs
  3 scorpions
  7 wights (D:7)
  3 killer bees (D:7)
  A bombardier beetle (D:5)
  4 hounds
  A gnoll bouda (D:7)
  3 iguanas
  3 orc wizards
  13 gnolls
  12 adders
  3 white imps
  3 dart slugs
  16 orcs
  4 ball pythons
  7 bats
  6 endoplasms
  2 giant cockroaches
  7 goblins
  3 hobgoblins
  6 jackals
  2 quokkas
  4 frilled lizards
  15 kobolds
  9 rats
161 creatures vanquished.

Notes
Turn   | Place    | Note
-------+----------+-------------------------------------------
     0 | D:1      | pittasak the Octopode Earth Elementalist began the quest
                  | for the Orb.
     0 | D:1      | Reached XP level 1. HP: 11/11 MP: 3/3
   232 | D:1      | Reached XP level 2. HP: 10/17 MP: 0/5
   239 | D:1      | Reached skill level 3 in Stealth
   714 | D:2      | Reached XP level 3. HP: 21/21 MP: 4/6
   908 | D:2      | Reached XP level 4. HP: 27/27 MP: 2/7
  1272 | D:3      | Found an iron altar of Okawaru.
  1274 | D:3      | Found a bloodstained altar of Trog.
  1670 | D:3      | Gained mutation: You have supernaturally acute eyesight.
                  | (SInv) [potion of mutation]
  1670 | D:3      | Gained mutation: You passively dampen the noise of your
                  | surroundings. [potion of mutation]
  1832 | D:3      | Found an opulent altar of Gozag.
  1841 | D:3      | Became a worshipper of Gozag Ym Sagoz the Greedy
  1968 | D:3      | Reached skill level 4 in Stealth
  2212 | D:4      | Learned a level 3 spell: Passwall
  2214 | D:4      | Reached XP level 5. HP: 27/31 MP: 5/8
  2220 | D:4      | Learned a level 4 spell: Petrify
  2620 | D:4      | Reached XP level 6. HP: 36/36 MP: 5/10
  2638 | D:4      | Found Emnytim's Distillery.
  2646 | D:4      | Bought a potion of heal wounds for 60 gold pieces
  2667 | D:4      | Reached skill level 5 in Stealth
  2879 | D:5      | Entered Level 5 of the Dungeon
  2879 | D:5      | Found a runed translucent door.
  2903 | D:5      | Noticed VAZYLA's ghost (novice BaMo)
  2908 | D:5      | Found a basalt altar of Yredelemnul.
  2943 | D:5      | Killed VAZYLA's ghost
  2944 | D:5      | Reached XP level 7. HP: 32/41 MP: 2/12
  3025 | D:5      | Reached skill level 6 in Stealth
  3212 | D:5      | Reached XP level 8. HP: 46/46 MP: 11/14
  3243 | D:5      | Identified the +6 sling of Infinity {heavy, rF+ rCorr}
  3324 | D:5      | Reached skill level 5 in Earth Magic
  3331 | D:5      | Noticed Eustachio
  3363 | D:5      | Killed Eustachio
  3436 | D:5      | Found a radiant altar of Vehumet.
  3699 | D:5      | Found a staircase to the Ecumenical Temple.
  3720 | D:5      | Reached skill level 7 in Stealth
  4029 | D:6      | Reached skill level 5 in Dodging
  4067 | D:6      | Found a sparkling altar of Nemelex Xobeh.
  4084 | D:6      | Found a glowing silver altar of Zin.
  4215 | D:6      | Identified a scroll of acquirement
  4215 | D:6      | Acquired 703 gold pieces
  4238 | D:6      | Reached XP level 9. HP: 45/51 MP: 7/16
  4335 | D:6      | Found Xini's Magic Scroll Boutique.
  4343 | D:6      | Bought a scroll of identify for 24 gold pieces
  4343 | D:6      | Bought a scroll of identify for 24 gold pieces
  4343 | D:6      | Bought a scroll of identify for 24 gold pieces
  4407 | D:6      | Reached skill level 5 in Conjurations
  4434 | D:6      | Reached skill level 5 in Spellcasting
  4507 | D:6      | Reached skill level 8 in Stealth
  4576 | D:6      | Noticed Maggie
  4609 | D:6      | Killed Maggie
  4790 | D:6      | Found Joink's Antique Weapon Emporium.
  4998 | D:7      | Identified the +5 falchion "Atsoukh" {freeze, SInv}
  5592 | D:7      | Reached skill level 9 in Stealth
  5674 | D:7      | Found Ekatt's Book Boutique.
  5809 | D:7      | Reached XP level 10. HP: 56/56 MP: 14/18
  5950 | D:7      | Bought a book of Armaments for 504 gold pieces
  5959 | D:7      | Learned a level 8 spell: Lehudib's Crystal Spear
  6031 | D:8      | Noticed a centaur warrior
  6041 | D:8      | Killed a centaur warrior
  6104 | D:8      | Noticed a cyclops
  6153 | D:8      | Killed a cyclops
  6154 | D:8      | Reached skill level 10 in Stealth
  6291 | D:8      | Noticed a centaur warrior
  6304 | D:8      | Mangled by a centaur warrior

Illustrated notes

Levels and vault maps discovered:
D:1:      dpeg_arrival_connections, layout_basic
D:2:      layout_loops_cross, st_stairs_4, minmay_nonomino_d4
D:3:      layout_loops_ring, lemuel_coloured_pillars_altar,
          chequers_temple_overflow_statue_of_worship, serial_co_window_serial,
          co_window_corner_a, co_window_of_opportunity_a, co_window_paths_a,
          co_window_corner_a, co_window_corner_a, co_window_paths_c,
          co_window_corner_b, co_window_corner_b, co_window_unsneaky_path_e,
          co_window_of_opportunity_b, co_window_unsneaky_path_b
D:4:      layout_loops_ring, serial_shops, shop
D:5:      layout_layer_cave, nicolae_vehumet_altar_sigil, lemuel_crystal_altar,
          minmay_temple_entry_tees, ebering_ghost_sewer_d,
          kennysheep_nondescript, dreamdust_wishing_well,
          hangedman_decor_clover_reticule, uniq_eustachio
D:6:      layout_loops_corners, jmf_multi_god_temple2, serial_shops, shop,
          shop_fountains, uniq_maggie
D:7:      layout_basic, serial_shops, nicolae_shop_tiny_real_fake_doors,
          kennysheep_cross_bottleneck
D:8:      layout_basic, kb_rosetta

Skill      XL: |  1  2  3  4  5  6  7  8  9 10 |
---------------+-------------------------------+-----
Stealth        | 3 4 5 6 7 9 10 | 10.0
Conjurations   | 2 3 4 6 |  6.7
Dodging        | 3 4 5 6 7 |  7.0
Spellcasting   | 3 4 5 6 |  6.4
Earth Magic    | 4 5 6 7 |  7.3

Action                     |  1- 3 |  4- 6 |  7- 9 | 10-12 || total
---------------------------+-------+-------+-------+-------++-------
  Melee: Short sword       |     4 |       |       |       ||     4
         Constrict         |     1 |     7 |     7 |       ||    15
         Dagger            |       |    22 |    30 |       ||    52
         Tentacles         |       |     2 |    10 |     5 ||    17
         Punch             |       |       |     2 |       ||     2
         Great sword       |       |       |     2 |    10 ||    12
   Cast: Sandblast         |    38 |    91 |   152 |    38 ||   319
         Petrify           |       |       |     6 |     2 ||     8
         Passwall          |       |       |     1 |       ||     1
 Invoke: Potion Petition   |       |       |     1 |       ||     1
         Call Merchant     |       |       |     1 |       ||     1
  Evoke: Wand              |       |     3 |     2 |     1 ||     6
    Use: Scroll            |     5 |     5 |    10 |       ||    20
         Potion            |     1 |     4 |     3 |     2 ||    10
   Stab: Sleeping          |       |       |       |     1 ||     1
 Armour: Skin              |     3 |    47 |    45 |    42 ||   137
  Dodge: Dodged            |     3 |    62 |   130 |    50 ||   245
